 Dungeon Crawl Stone Soup version 0.22.0-25-g7663229 (webtiles) character file.

788 corax the Magician (level 7, -2/52 HPs)
             Began as a Mummy Fire Elementalist on Aug 20, 2018.
             Was an Initiate of Gozag.
             Killed from afar by an orc wizard (10 damage)
             ... with a puff of flame
             ... on level 5 of the Dungeon.
             The game lasted 00:17:47 (6920 turns).

corax the Magician (Mummy Fire Elementalist)        Turns: 6920, Time: 00:17:48

Health: -2/52      AC:  7    Str: 11    XL:     7   Next: 56%
Magic:  14/14      EV: 13    Int: 17    God:    Gozag
Gold:   501        SH:  0    Dex: 12    Spells: 9/15 levels left

rFire    x x .     SeeInvis .   a - +2 dagger (venom)
rCold    + + .     Gourm    .   (no shield)
rNeg     + + +     Faith    .   h - +0 robe
rPois    ∞         Spirit   .   r - +0 helmet
rElec    .         Reflect  .   j - +0 cloak
rCorr    +         Harm     .   n - +2 pair of gloves
MR       .....                  (no boots)
Stlth    ++........             (no amulet)
HPRegen  0.17/turn              l - ring of ice
MPRegen  0.14/turn              m - ring of resist corrosion

@: very slightly contaminated
A: no food or potions, fire vulnerability, cold resistance 1, negative energy
resistance 3, torment resistance, unbreathing
a: Potion Petition, Call Merchant, Bribe Branch, Renounce Religion


You were on level 5 of the Dungeon.
You worshipped Gozag.
Gozag was pleased with you.
You were not hungry.

You visited 1 branch of the dungeon, and saw 5 of its levels.
You also visited: Ossuary.

You collected 549 gold pieces.
You paid 48 gold pieces to Gozag.

Inventory:

Hand Weapons
 a - a +2 dagger of venom (weapon)
Armour
 h - a +0 robe (worn)
 j - a +0 cloak (worn)
 n - a +2 pair of gloves (worn)
 r - a +0 helmet (worn)
Magical Staves
 q - an uncursed staff of summoning
Jewellery
 l - a ring of ice (left hand)
 m - a ring of resist corrosion (right hand)
Scrolls
 b - 2 scrolls of magic mapping {unknown}
 c - 7 scrolls of identify
 d - 10 scrolls of remove curse
 e - a scroll of blinking {unknown}
 f - 2 scrolls of noise {unknown}
 g - a scroll of immolation {unknown}
 i - a scroll of amnesia {unknown}
 k - a scroll of enchant armour {unknown}
 o - 2 scrolls of teleportation {unknown}
 p - a scroll of fog {unknown}


   Skills:
 + Level 3.1 Fighting
 + Level 3.1 Dodging
 + Level 3.4 Stealth
 + Level 4.9 Spellcasting
 + Level 2.8 Conjurations
 + Level 3.8 Fire Magic


You had 9 spell levels left.
You knew the following spells:

 Your Spells              Type           Power        Failure   Level  Hunger
a - Flame Tongue          Conj/Fire      ###..        3%          1    N/A
b - Throw Flame           Conj/Fire      ###...       5%          2    N/A
c - Conjure Flame         Conj/Fire      ###.....     11%         3    N/A

Your spell library contained the following spells:

 Spells                   Type           Power        Failure   Level  Hunger
 Inner Flame              Hex/Fire       ##......     21%         3    N/A
 Sticky Flame             Conj/Fire      ###.....     36%         4    N/A
 Fireball                 Conj/Fire      ###.......   71%         5    N/A

Dungeon Overview and Level Annotations

Branches:
Dungeon (5/15)             Temple (0/1) D:4

Altars:
Ashenzari
Dithmenos
Fedhas
Gozag
Hepliaklqana
Kikubaaqudgha
Makhleb
Nemelex Xobeh
Qazlal
Sif Muna
Xom
The Shining One


Innate Abilities, Weirdness & Mutations

You do not eat or drink.
Your flesh is vulnerable to fire.
You are immune to poison.
Your flesh is cold resistant. (rC+)
You are immune to negative energy. (rN+++)
You are immune to unholy pain and torment.
You can survive without breathing.


Message History

[b] - 0 gold - resistance, might and haste [c] - 0 gold - resistance, invisibility and agility Purchase which effect?
You feel much better. Magic courses through your body. Something hits you.
The orc priest barely misses you.
The orc priest hits you but does no damage.
The orc priest miscasts a cantrip.
The orc priest mumbles some strange prayers to Beogh against you.
Beogh smites you! The orc priest barely misses you.
The orc priest calls down the wrath of Beogh upon you.
Beogh smites you!
* * * LOW HITPOINT WARNING * * *
The orc priest calls upon Beogh to heal the orc priest.
The orc priest is healed somewhat.
You hear some strange, mumbled words.
A puff of flame appears from out of thin air!
The puff of flame hits you! The fire burns you terribly!
You die...
Your body crumbles into a pile of gold.

#++ ####.....## $.♣
####.........## ...
#.............##
♣%♣##..............###
♣..'.................##
♣..'.........###......##
#.o.......# ###.....#
#..o....#.# ####...
#.o.@..##.## ###.
#....####..# ## ##..##
##.# # #### #.# #.# #.##
#.(# ##.# #.#


You could see 2 orc priests and an orc.

Vanquished Creatures
  An ogre (D:3)
  A scorpion (D:5)
  A hound (D:4)
  A jelly (D:5)
  Crazy Yiuf (D:2)
  An orc wizard (D:3)
  Natasha (thrice) (D:3)
  An iguana (D:5)
  2 worker ants (D:4)
  13 mummies (Ossuary)
  4 gnolls (D:4)
  8 adders
  An adder zombie (D:5)
  3 worms
  2 dart slugs
  3 leopard geckos
  7 orcs
  3 giant cockroaches
  12 goblins
  7 hobgoblins
  4 jackals
  A ball python (D:2)
  A ball python skeleton (D:4)
  8 bats
  5 frilled lizards
  A gnoll skeleton (Ossuary)
  A goblin skeleton (Ossuary)
  A goblin zombie (D:4)
  6 kobolds
  5 kobold skeletons (Ossuary)
  12 rats
  11 rat skeletons (Ossuary)
131 creatures vanquished.

Vanquished Creatures (others)
  A kobold skeleton (Ossuary)
1 creature vanquished.

Grand Total: 132 creatures vanquished

Notes
Turn   | Place    | Note
-------+----------+-------------------------------------------
     0 | D:1      | corax the Mummy Fire Elementalist began the quest for the Orb.
     0 | D:1      | Reached XP level 1. HP: 13/13 MP: 4/4
   253 | D:1      | Reached skill level 1 in Conjurations
   253 | D:1      | Reached XP level 2. HP: 20/20 MP: 0/5
   459 | D:1      | Reached skill level 3 in Spellcasting
   936 | D:1      | Reached skill level 1 in Fighting
  1039 | D:1      | Reached XP level 3. HP: 22/26 MP: 7/7
  1374 | D:1      | Found a shadowy altar of Dithmenos.
  1922 | D:2      | Found a shimmering altar of Xom.
  2485 | D:2      | Found a runed door.
  2489 | D:2      | Noticed Crazy Yiuf
  2572 | D:2      | Killed Crazy Yiuf
  2572 | D:2      | Reached XP level 4. HP: 22/32 MP: 5/9
  2723 | D:2      | Learned a level 2 spell: Throw Flame
  2727 | D:2      | Learned a level 3 spell: Conjure Flame
  3213 | D:3      | Found a deep blue altar of Sif Muna.
  3319 | D:3      | Found a hazy altar of Hepliaklqana.
  3326 | D:3      | Reached XP level 5. HP: 35/38 MP: 10/10
  3437 | D:3      | Found a glowing golden altar of the Shining One.
  3509 | D:3      | Noticed Natasha
  3523 | D:3      | Killed Natasha
  3773 | D:3      | Noticed an ogre
  3778 | D:3      | Killed an ogre
  3778 | D:3      | Reached skill level 4 in Spellcasting
  3891 | D:3      | Found an opulent altar of Gozag.
  3891 | D:3      | Found a sparkling altar of Nemelex Xobeh.
  3898 | D:3      | Became a worshipper of Gozag Ym Sagoz the Greedy
  3907 | D:3      | Reached XP level 6. HP: 43/44 MP: 12/12
  3946 | D:3      | Found a stormy altar of Qazlal.
  4050 | D:3      | Noticed Natasha
  4055 | D:3      | Killed Natasha
  4115 | D:3      | Noticed Natasha
  4124 | D:3      | Killed Natasha
  4257 | D:4      | Found a burning altar of Makhleb.
  4370 | D:4      | Found a staircase to the Ecumenical Temple.
  4605 | D:4      | Found a sand-covered staircase.
  4612 | Ossuary  | Entered an ossuary
  5055 | Ossuary  | Reached XP level 7. HP: 51/51 MP: 3/13
  6048 | D:4      | Found a shimmering altar of Xom.
  6323 | D:5      | Entered Level 5 of the Dungeon
  6410 | D:5      | Found a shattered altar of Ashenzari.
  6487 | D:5      | Found a blossoming altar of Fedhas.
  6488 | D:5      | Found an ancient bone altar of Kikubaaqudgha.
  6920 | D:5      | Killed from afar by an orc wizard

Skill      XL: |  1  2  3  4  5  6  7 |
---------------+----------------------+-----
Conjurations   | 1 2 |  2.8
Spellcasting   | 3 4 |  4.9
Fighting       | 1 2 3 |  3.1
Stealth        | 2 3 |  3.4
Dodging        | 2 3 |  3.1
Fire Magic     | 3 |  3.8

Action                   |  1- 3 |  4- 6 |  7- 9 || total
-------------------------+-------+-------+-------++-------
Melee: Unarmed           |    25 |       |       ||    25
       Dagger            |   105 |   148 |    42 ||   295
 Cast: Flame Tongue      |    21 |    26 |    43 ||    90
       Throw Flame       |       |     8 |    22 ||    30
       Conjure Flame     |       |     6 |    10 ||    16
Invok: Potion Petition   |       |       |     1 ||     1
  Use: Scroll            |       |       |     1 ||     1
 Stab: Sleeping          |     4 |     1 |     2 ||     7
Armor: Robe              |    14 |    36 |     9 ||    59
Dodge: Dodged            |    77 |    99 |    14 ||   190
